[Event "Early-Titled-Tuesday-Blitz-April-02-2024"]
[Site "Chess.com"]
[Date "2024.04.02"]
[Round "9"]
[White "Brahianzevich"]
[Black "Yushko_Olga"]
[Result "1-0"]
[WhiteElo "2544"]
[BlackElo "2265"]
[TimeControl "180+1"]
[EndTime "9:44:24 PDT"]
[Termination "Brahianzevich won by resignation"]

1. e4 Nf6 2. d3 d6 3. Nd2 g6 4.
Ngf3 Bg7 5. g3 O-O 6. Bg2 Nbd7 7. O-O c6 8. c3 e5 9. a4 Qc7 10. Qe2 Re8 11. Re1 Nf8 12. Nf1 Ne6 13. h3 Bd7 14. Ng5 Rad8 15. a5 Nc5 16. b4 Nb3 17. Rb1 Nxc1 18.
Rbxc1 Qc8 19. h4 h6 20. Nf3 Nh5 21. Ne3 Bh3 22. c4 Nf6 23. Rb1 Bxg2 24. Kxg2 Ng4 25. b5 Nxe3+ 26. Qxe3 f5 27. Qxa7 fxe4 28. dxe4 d5 29.
bxc6 bxc6 30. Rb7 Bf6 31. Rh7 Rf8 32. exd5 cxd5 33. Nxe5 Qf5 34. Rxh6 Bg7 35. Rxg6 Rd7 36. Qxd7 Qxf2+ 37. Kh3 1-0

[Event "Early-Titled-Tuesday-Blitz-April-02-2024"]
[Site "Chess.com"]
[Date "2024.04.02"]
[Round "9"]
[White "Alenzer"]
[Black "mertfelin"]
[Result "1-0"]
[WhiteElo "2203"]
[BlackElo "2267"]
[TimeControl "180+1"]
[EndTime "9:44:25 PDT"]
[Termination "Alenzer won by resignation"]

1. e4 e5 2. Nf3 Nc6 3. Bb5 a6 4. Ba4 Nf6 5. O-O d6 6. Re1 Bd7 7. c3 g6 8. d4 Bg7 9. Nbd2 O-O 10. Nf1 exd4 11. cxd4 b5 12. Bc2 Bg4 13. Be3 Nh5 14.
Rc1 Qf6 15. N1d2 Rac8 16. h3 Bd7 17. Bg5 Qe6 18. d5 Qe8 19. dxc6 Bxc6 20. b4 h6 21. Be3 Bb7 22. Bd4 Nf6 23. Bb3 Qe7 24. Nh4 Rfe8 25. Nxg6 Qd8 26. Nh4 Kh8 27. Nf5 Rg8 28. Nxg7 Rxg7 29.
Qf3 Ne8 30. Bxg7+ Nxg7 31. Qxf7 Qg5 32. Nf3 Qd8 33. e5 dxe5 34. Rxe5 Qd3 35. Re7 Qh7 36.
Rcxc7 Rd8 37. Qxg7+ Qxg7 38. Rxg7 Be4 39. Rge7 Bb1 40.
Ne5 1-0

[Event "Early-Titled-Tuesday-Blitz-April-02-2024"]
[Site "Chess.com"]
[Date "2024.04.02"]
[Round "9"]
[White "Predator0608"]
[Black "Harry_Rakkel"]
[Result "0-1"]
[WhiteElo "2571"]
[BlackElo "2733"]
[TimeControl "180+1"]
[EndTime "9:44:26 PDT"]
[Termination "Harry_Rakkel won by resignation"]

1. e4 c6 2. d4 d5 3. f3 e6 4.
Nc3 Nf6 5. e5 Nfd7 6. f4 c5 7.
Nf3 Nc6 8. Be3 Qb6 9. Qd2 Qxb2 10. Rb1 Qa3 11. Bb5 c4 12. Ne2 Qa5 13. Qxa5 Nxa5 14. f5 a6 15. Bxd7+ Bxd7 16. fxe6 fxe6 17. Bd2 Nc6 18. Rxb7 O-O-O 19. Rb1 Be7 20. Rf1 Rdf8 21. Ng5 Rxf1+ 22. Kxf1 h6 23. Nf3 g5 24. Kf2 Kc7 25. Kg3 Be8 26. h4 gxh4+ 27. Nxh4 Rg8+ 28. Kh3 Bh5 29. Nf4 Bg4+ 30. Kg3 Bf5+ 31. Kf3 Bxh4 32. Rh1 Bg5 0-1

[Event "Early-Titled-Tuesday-Blitz-April-02-2024"]
[Site "Chess.com"]
[Date "2024.04.02"]
[Round "9"]
[White "whiteglovethief"]
[Black "AsaHoffmann"]
[Result "0-1"]
[WhiteElo "2547"]
[BlackElo "2424"]
[TimeControl "180+1"]
[EndTime "9:44:27 PDT"]
[Termination "AsaHoffmann won by resignation"]

1. d4 Nf6 2. c4 c5 3. d5 e5 4. Nc3 d6 5. e4 Be7 6. g3 O-O 7. Bg2 Na6 8. Nge2 Ne8 9. O-O Bd7 10. a3 Nec7 11. Rb1 b5 12. cxb5 Nxb5 13. Nxb5 Bxb5 14. Re1 Bxe2 15. Qxe2 Nc7 16. Bd2 Qd7 17. Bc3 Nb5 18.
Bf1 Nd4 19. Bxd4 cxd4 20. Rec1 Bd8 21. Rc6 Bb6 22. Qa6 g6 23. b4 f5 24. exf5 Qxf5 25.
Rb2 e4 26. Rxb6 axb6 27. Qxb6 d3 28. Ra2 Qxd5 29. Ra1 Qe5 30. Ra2 d5 31. Bg2 Rf6 32. Qc5 Raf8 33. b5 Qe6 34. Rb2 Rc8 35. Qe3 Rc2 36. Rxc2 dxc2 37. Qc3 Qb6 38. a4 Qxf2+ 0-1

[Event "Early-Titled-Tuesday-Blitz-April-02-2024"]
[Site "Chess.com"]
[Date "2024.04.02"]
[Round "9"]
[White "Byniolus"]
[Black "Beca95"]
[Result "0-1"]
[WhiteElo "2794"]
[BlackElo "2956"]
[TimeControl "180+1"]
[EndTime "9:44:29 PDT"]
[Termination "Beca95 won by resignation"]

1. d4 Nf6 2. Nf3 e6 3. Bf4 c5 4. c3 Nc6 5. e3 Nh5 6. Bg3 d5 7. Nbd2 Nxg3 8. hxg3 Qb6 9. Qb3 g6 10. Be2 Bg7 11. O-O O-O 12. Qxb6 axb6 13. a3 Bd7 14. Rfe1 Rfd8 15. Rad1 h6 16. g4 g5 17. g3 Be8 18.
Bf1 f5 19. gxf5 exf5 20. Nb3 c4 21. Nc1 b5 22. Ne2 Bg6 23. Bg2 Bf6 24. Nd2 h5 25. f3 Re8 26. Kf2 Re7 27. f4 g4 28.
Bxd5+ Kg7 29. Nf1 Rd8 30. Bg2 Na5 31. e4 fxe4 32. Ne3 Nb3 33. f5 Bf7 34. Nc2 Bg5 35.
Nf4 Bxf4 36. gxf4 h4 37. Rxe4 g3+ 38. Kg1 Rxe4 39. Bxe4 Re8 40. Bxb7 Re2 41. Ne1 h3 42. d5 Nc5 43. Bc6 h2+ 44. Kh1 Ne4 45. d6 Nf2+ 0-1

[Event "Early-Titled-Tuesday-Blitz-April-02-2024"]
[Site "Chess.com"]
[Date "2024.04.02"]
[Round "9"]
[White "carloseduar100"]
[Black "Tol_Tol"]
[Result "1-0"]
[WhiteElo "2205"]
[BlackElo "2283"]
[TimeControl "180+1"]
[EndTime "9:44:29 PDT"]
[Termination "carloseduar100 won by resignation"]

1. g3 Nf6 2. Bg2 g6 3. Nf3 Bg7 4. O-O O-O 5. d4 d6 6. c3 Nbd7 7. Nbd2 Rb8 8. Re1 b5 9. e4 e5 10. dxe5 dxe5 11. b4 Qe7 12. Bb2 Nb6 13. Qc2 c5 14. a3 c4 15. Nf1 Bb7 16. Rad1 Rfd8 17. Rxd8+ Rxd8 18. Bc1 Rd3 19. Bg5 Na4 20. Re3 h6 21. Bxf6 Bxf6 22. Rxd3 Bxe4 23. Ne1 cxd3 24. Nxd3 Bxg2 25. Kxg2 e4 26. Nc5 Nxc3 27. Ne3 Bd4 28.
Nb3 Bxe3 29. Qxc3 Bb6 30. Nc5 f5 31. Qb3+ Qf7 32. Ne6 Kh7 33. Ng5+ hxg5 34. Qxf7+ Kh6 35. Qd7 g4 36. Qxb5 1-0

[Event "Early-Titled-Tuesday-Blitz-April-02-2024"]
[Site "Chess.com"]
[Date "2024.04.02"]
[Round "9"]
[White "TitanChess666"]
[Black "Darkdefense15"]
[Result "0-1"]
[WhiteElo "2506"]
[BlackElo "2347"]
[TimeControl "180+1"]
[EndTime "9:44:30 PDT"]
[Termination "Darkdefense15 won by checkmate"]

1. e4 c5 2. Nf3 Nc6 3. d4 cxd4 4. Nxd4 e5 5. Nb5 d6 6. c4 g6 7.
N1c3 a6 8. Na3 Be6 9. Be3 Bg7 10. Bd3 Nf6 11. O-O O-O 12. Qd2 Rc8 13. h3 Nh5 14. Nd5 Nd4 15. Rac1 f5 16. exf5 gxf5 17. Bg5 Nf6 18.
Nc2 Nxc2 19. Rxc2 Qe8 20. Nxf6+ Bxf6 21. Bxf6 Rxf6 22. Be2 Bd7 23. Bf3 Bc6 24. Bd5+ Kh8 25. Rd1 Qg6 26. Rc3 f4 27. f3 Bxd5 28. Qxd5 Rg8 29.
Rd2 Qb1+ 30. Kh2 Qe1 31. c5 Qg3+ 32. Kg1 Qe1+ 33. Kh2 Qg3+ 34. Kg1 Rh6 35. cxd6 Qe1+ 36. Kh2 Rxh3+ 37. Kxh3 Qg3# 0-1

[Event "Early-Titled-Tuesday-Blitz-April-02-2024"]
[Site "Chess.com"]
[Date "2024.04.02"]
[Round "9"]
[White "moro182"]
[Black "Oleksandr_Bortnyk"]
[Result "0-1"]
[WhiteElo "2888"]
[BlackElo "3030"]
[TimeControl "180+1"]
[EndTime "9:44:31 PDT"]
[Termination "Oleksandr_Bortnyk won by checkmate"]

1. d4 Nf6 2. Bf4 b6 3. e3 Bb7 4. h3 d6 5. Nf3 Nbd7 6. Bh2 e6 7.
a4 a5 8. Bd3 Be7 9. c4 d5 10.
O-O O-O 11. Nc3 Bb4 12. cxd5 exd5 13. Nb5 c6 14. Nd6 Ba6 15. Bxa6 Rxa6 16. Rc1 c5 17. b3 Qe7 18. Nb5 Rd8 19. Bd6 Qe4 20.
Bc7 Rf8 21. Ne5 h6 22. Bd6 Rc8 23. Nxd7 Nxd7 24. Bg3 c4 25. bxc4 Rxc4 26. Qb3 Rxc1 27. Rxc1 Nf6 28. Qc2 Ra8 29. Qxe4 Nxe4 30. Bf4 g5 31.
Be5 f6 32. Bh2 Re8 33. Rc6 Be1 34. f3 Nd2 35. e4 dxe4 36. Nd6 exf3 37. gxf3 Re2 38.
Rc8+ Kh7 39. Nf5 Nxf3+ 40. Kf1 Rf2# 0-1

[Event "Early-Titled-Tuesday-Blitz-April-02-2024"]
[Site "Chess.com"]
[Date "2024.04.02"]
[Round "9"]
[White "LuisFSiles"]
[Black "FMStan15"]
[Result "1-0"]
[WhiteElo "2353"]
[BlackElo "2124"]
[TimeControl "180+1"]
[EndTime "9:44:31 PDT"]
[Termination "LuisFSiles won on time"]

1. e4 e6 2. d4 d5 3. e5 c5 4. c3 Nc6 5. Nf3 Qb6 6. a3 c4 7. Nbd2 Na5 8. Rb1 Bd7 9. b4 cxb3 10. Nxb3 Ba4 11. Nxa5 Bxd1 12. Rxb6 axb6 13. Bb5+ Ke7 14. Kxd1 bxa5 15. a4 f6 16. g4 Kf7 17. g5 f5 18.
g6+ hxg6 19. Ng5+ Ke7 20. Ba3+ Kd8 21. Bxf8 Nh6 22. Bxg7 Ng4 23. Ke2 Rxh2 24. Rxh2 Nxh2 25. Nxe6+ Ke7 26. Nf4 Rc8 27. Bf6+ Kf7 28. Bd7 Rxc3 29.
Be6+ Ke8 30. Nxd5 Rc2+ 31. Kd3 Rxf2 32. Nc7+ Kf8 33. d5 1-0

[Event "Early-Titled-Tuesday-Blitz-April-02-2024"]
[Site "Chess.com"]
[Date "2024.04.02"]
[Round "9"]
[White "SAInt_666"]
[Black "Alen_Yeremyann"]
[Result "0-1"]
[WhiteElo "2714"]
[BlackElo "2834"]
[TimeControl "180+1"]
[EndTime "9:44:34 PDT"]
[Termination "Alen_Yeremyann won by resignation"]

1. e4 c5 2. Nf3 Nc6 3. Bb5 e6 4. Bxc6 bxc6 5. d3 e5 6. Nxe5 d6 7. Nf3 Nf6 8. h3 Be7 9. O-O O-O 10. Nc3 Be6 11. b3 d5 12. Bb2 h6 13. Re1 Re8 14.
Na4 Nd7 15. Ba3 Bf8 16. exd5 cxd5 17. Ne5 Nxe5 18. Rxe5 Bd6 19. Re1 Rc8 20. Qf3 Qg5 21. Re2 Kh7 22. d4 Bf5 23. Bxc5 Rxe2 24. Qxe2 Bxh3 25.
Qf3 Bg4 26. Qd3+ Bf5 27. Qf3 Be4 28. Qh3 Rc6 29. Bxd6 Rxd6 30. Re1 Rg6 31. f3 Qd2 32. Rf1 Qxd4+ 33. Kh1 Bxc2 34. Qd7 Bd3 35. Rd1 Qf2 36. Qh3 Bf1 0-1

[Event "Early-Titled-Tuesday-Blitz-April-02-2024"]
[Site "Chess.com"]
[Date "2024.04.02"]
[Round "9"]
[White "IMchanged"]
[Black "Al_Shima"]
[Result "1-0"]
[WhiteElo "2678"]
[BlackElo "2490"]
[TimeControl "180+1"]
[EndTime "9:44:36 PDT"]
[Termination "IMchanged won by resignation"]

1. d4 Nf6 2. Nc3 d5 3. Bf4 a6 4. e3 e6 5. g4 c5 6. g5 Nfd7 7. h4 Nc6 8. Nf3 b5 9. h5 Bb7 10. Bg2 Rc8 11. g6 hxg6 12. hxg6 Rxh1+ 13. Bxh1 f6 14. Nh4 Qb6 15. Qg4 Nd8 16. dxc5 Rxc5 17. Rd1 Rc4 18.
Kf1 Bd6 19. Qh5 Bxf4 20. Qh8+ Nf8 21. Qxg7 Bg5 22. Qh8 Rxh4 23. g7 Rxh8 24. gxh8=Q b4 25. Ne2 Qb5 26. f4 a5 27. fxg5 Ba6 28. Bf3 d4 29. Rxd4 Qf5 30. Qh5+ Nf7 31. g6 Nxg6 32. Qxf5 exf5 33.
Kf2 Nge5 34. Nf4 Ng5 35. Bh5+ Ke7 36. Nd5+ Kf8 37. Nxf6 Bb7 38. Nd7+ Nxd7 39. Rxd7 Ne4+ 40. Ke1 Bc6 41. Rc7 Bd5 42. Bf3 Bxa2 43. Bxe4 fxe4 44. Ra7 Bb1 45. Kd2 b3 46. cxb3 Bd3 47. Rxa5 Ke7 48.
Rd5 1-0

[Event "Early-Titled-Tuesday-Blitz-April-02-2024"]
[Site "Chess.com"]
[Date "2024.04.02"]
[Round "9"]
[White "Navyblue1"]
[Black "Dewarfd"]
[Result "1-0"]
[WhiteElo "2266"]
[BlackElo "2126"]
[TimeControl "180+1"]
[EndTime "9:44:38 PDT"]
[Termination "Navyblue1 won on time"]

1. d4 Nf6 2. c4 g6 3. Nc3 d5 4.
Nf3 Bg7 5. Qb3 c6 6. cxd5 cxd5 7. e3 O-O 8. Be2 Nc6 9. O-O Bg4 10. h3 Bxf3 11. Bxf3 Na5 12. Qd1 e6 13. b3 Rc8 14. Bb2 Qd7 15. Rc1 Rc7 16. Qd2 b6 17. Be2 Rfc8 18. Bd3 Bf8 19. Ne2 Rxc1 20. Rxc1 Rxc1+ 21. Qxc1 Qc6 22. Qxc6 Nxc6 23. a3 Na5 24. Bc2 Ne4 25.
Bc1 Bd6 26. f3 Ng3 27. Nxg3 Bxg3 28. Kf1 Kf8 29. Ke2 Ke7 30. Bd2 Kd6 31. Bxa5 bxa5 32.
Bd3 Kc6 33. a4 h6 34. Bb5+ Kd6 35. Be8 Ke7 36. Bb5 Bd6 37. e4 dxe4 38. fxe4 Bb4 39.
Bc4 f5 40. Kf3 g5 41. exf5 exf5 42. Bd3 Kf6 43. g3 Bd6 44. g4 1-0

[Event "Early-Titled-Tuesday-Blitz-April-02-2024"]
[Site "Chess.com"]
[Date "2024.04.02"]
[Round "9"]
[White "scarabee43"]
[Black "Rashad_Zeynalli"]
[Result "1-0"]
[WhiteElo "2820"]
[BlackElo "2692"]
[TimeControl "180+1"]
[EndTime "9:44:40 PDT"]
[Termination "scarabee43 won by resignation"]

1. Nf3 d5 2. e3 Nf6 3. b3 e6 4. Bb2 Be7 5. Be2 O-O 6. O-O b6 7. c4 Bb7 8. Nc3 dxc4 9. bxc4 c5 10. Qc2 Nc6 11. Rac1 Qd7 12. Rfd1 Rfd8 13. d4 cxd4 14. exd4 Rac8 15. d5 Nb4 16. Qb3 exd5 17. cxd5 Qf5 18. Nd4 Qg5 19. Bf3 Nbxd5 20. h4 Qxh4 21. Nf5 Qb4 22.
Nxd5 Bxd5 23. Rxc8 Rxc8 24. Bxd5 Nxd5 25. Qxb4 Bxb4 26.
Rxd5 Bc5 27. Bxg7 Re8 28. Bf6 h5 29. Rd7 Re1+ 30. Kh2 Bxf2 31. Rd8+ Kh7 32. Ne7 Bg1+ 33. Kg3 Re3+ 34. Kf4 1-0

[Event "Early-Titled-Tuesday-Blitz-April-02-2024"]
[Site "Chess.com"]
[Date "2024.04.02"]
[Round "9"]
[White "Joachim100x"]
[Black "Louis-Paulsen-Fan"]
[Result "1-0"]
[WhiteElo "2548"]
[BlackElo "2296"]
[TimeControl "180+1"]
[EndTime "9:44:42 PDT"]
[Termination "Joachim100x won on time"]

1. e4 Nf6 2. e5 Nd5 3. d4 d6 4.
Nf3 g6 5. Bc4 Nb6 6. Bb3 Bg7 7.
Ng5 d5 8. f4 O-O 9. O-O f6 10.
Nf3 Na6 11. c3 Be6 12. Be3 Rc8 13. Nbd2 c5 14. dxc5 Nxc5 15. Bxc5 Rxc5 16. Nd4 Qd7 17. Nxe6 Qxe6 18. Ne4 Rc7 19. exf6 exf6 20. Ng3 f5 21.
Re1 Qd6 22. Qf3 Kh8 23. Rad1 Rd8 24. Ne2 Re7 25. Nd4 Bxd4+ 26. cxd4 Re4 27. g3 Rde8 28.
Rxe4 dxe4 29. Qc3 Rc8 30. Qd2 Nd5 31. Rc1 Rc6 32. Bxd5 Qxd5 33. Rxc6 bxc6 34. Qc3 Qxa2 35.
d5+ Kg8 36. dxc6 Qb1+ 37. Kf2 1-0

[Event "Early-Titled-Tuesday-Blitz-April-02-2024"]
[Site "Chess.com"]
[Date "2024.04.02"]
[Round "9"]
[White "Zkid"]
[Black "LornerAcosta"]
[Result "0-1"]
[WhiteElo "2867"]
[BlackElo "2629"]
[TimeControl "180+1"]
[EndTime "9:44:44 PDT"]
[Termination "LornerAcosta won by checkmate"]

1. e4 c5 2. Nf3 Nc6 3. d4 cxd4 4.
Nxd4 Nf6 5. Nc3 e6 6. Nxc6 bxc6 7. e5 Nd5 8. Ne4 Qc7 9. f4 Qb6 10. c4 Bb4+ 11. Ke2 f5 12. Nf2 Ne7 13. Be3 Bc5 14.
Bxc5 Qxc5 15. Kf3 g5 16. Qd6 Qb6 17. b3 gxf4 18. c5 Qb4 19. Bc4 Qc3+ 20. Nd3 Rg8 21. Rhc1 Qa5 22. Nxf4 Ba6 23. Nh5 Bxc4 24. Nf6+ Kf7 25.
Nxg8 Bd5+ 26. Ke2 Rxg8 27. g3 Qb4 28. Rf1 Qe4+ 29. Kd2 Qd4+ 30. Ke2 Rg4 31. Rad1 Re4+ 32. Kf3 Re3+ 33. Kf2 Rd3+ 34. Ke2 Qe3# 0-1

[Event "Early-Titled-Tuesday-Blitz-April-02-2024"]
[Site "Chess.com"]
[Date "2024.04.02"]
[Round "9"]
[White "MusicCityMaster"]
[Black "Journey_to_GrandMaster_YT"]
[Result "0-1"]
[WhiteElo "2431"]
[BlackElo "2578"]
[TimeControl "180+1"]
[EndTime "9:44:44 PDT"]
[Termination "Journey_to_GrandMaster_YT won by checkmate"]

1. e4 d6 2. Nf3 Nf6 3. d3 e5 4.
g3 Be7 5. Bg2 O-O 6. O-O Nbd7 7.
c3 c6 8. Re1 Re8 9. Nbd2 b5 10.
Nf1 a5 11. h4 Nc5 12. N3h2 Bf8 13. g4 g6 14. g5 Nh5 15. Bf3 Nf4 16. Bxf4 exf4 17.
d4 Ne6 18. e5 Bb7 19. Ng4 Bg7 20. Nf6+ Bxf6 21. exf6 Qc7 22. Nh2 h5 23. Bxh5 gxh5 24. Qxh5 c5 25. Rad1 cxd4 26. cxd4 Nxd4 27. Qh6 Nf5 28.
Qh5 Qc6 29. f3 Qc5+ 30. Kg2 Qc2+ 31. Kg1 Ne3 32. Rxe3 Qxd1+ 33. Nf1 Qc2 34. Re4 Qc5+ 35. Kg2 Rxe4 36. Qh6 Re2+ 37. Kh1 Bxf3# 0-1

[Event "Early-Titled-Tuesday-Blitz-April-02-2024"]
[Site "Chess.com"]
[Date "2024.04.02"]
[Round "9"]
[White "Gabcur"]
[Black "Kratos031"]
[Result "1-0"]
[WhiteElo "2350"]
[BlackElo "2452"]
[TimeControl "180+1"]
[EndTime "9:44:44 PDT"]
[Termination "Gabcur won on time"]

1. d4 Nf6 2. c4 e6 3. Nc3 Bb4 4. f3 d5 5. a3 Bxc3+ 6. bxc3 O-O 7. cxd5 exd5 8. e3 c5 9. Bd3 Nc6 10. Ne2 Re8 11. O-O Be6 12. Ng3 Qa5 13. Bd2 c4 14. Bc2 Rad8 15. e4 dxe4 16. fxe4 Bg4 17. Qc1 Nh5 18. Nh1 Qc7 19. Qe1 Qd7 20. Be3 f5 21. Qh4 Be2 22. Rxf5 Nf6 23. Rxf6 gxf6 24. Ng3 Bd3 25.
Nh5 Rf8 26. Ba4 Qf7 27. Bh6 Qg6 28. Bxf8 Rxf8 29. Re1 Rf7 30. Bd1 1-0

[Event "Early-Titled-Tuesday-Blitz-April-02-2024"]
[Site "Chess.com"]
[Date "2024.04.02"]
[Round "9"]
[White "Irina_Mikhaylova"]
[Black "MaxLeto"]
[Result "1-0"]
[WhiteElo "2342"]
[BlackElo "2438"]
[TimeControl "180+1"]
[EndTime "9:44:46 PDT"]
[Termination "Irina_Mikhaylova won on time"]

1. d4 a6 2. e4 b6 3. c4 c6 4. Nc3 d6 5. Nf3 e6 6. Be2 f6 7. O-O g6 8. Be3 h6 9. d5 cxd5 10. cxd5 e5 11. Rc1 Ne7 12. Nd2 Bg7 13. b4 Bd7 14. Nc4 Nc8 15. a4 O-O 16. a5 b5 17.
Nb6 Nxb6 18. Bxb6 Qe7 19. Nb1 f5 20. f3 Bf6 21. Rc7 Qe8 22. Qc2 h5 23. Ra7 Rxa7 24.
Bxa7 Qc8 25. Rc1 fxe4 26. Qxc8 Bxc8 27. Bxb8 1-0

[Event "Early-Titled-Tuesday-Blitz-April-02-2024"]
[Site "Chess.com"]
[Date "2024.04.02"]
[Round "9"]
[White "jumpingknight20"]
[Black "eljanov"]
[Result "0-1"]
[WhiteElo "2711"]
[BlackElo "2898"]
[TimeControl "180+1"]
[EndTime "9:44:47 PDT"]
[Termination "eljanov won by resignation"]

1. e4 c6 2. d4 d5 3. e5 Bf5 4. Nf3 e6 5. Be2 Nd7 6. Nbd2 a5 7. a4 f6 8. exf6 Ngxf6 9. O-O Bd6 10. Nh4 O-O 11. Nxf5 exf5 12. c4 Kh8 13. h3 Rc8 14. b3 Ne4 15. Bb2 Qf6 16. Nf3 Rce8 17. Bd3 g5 18. cxd5 cxd5 19. Bb5 Re7 20. Bxd7 Rxd7 21. Rc1 g4 22. hxg4 fxg4 23. Ne5 Rg7 24. f3 Ng3 25. Re1 Qh4 26. Re3 gxf3 27. Rxf3 Qh1+ 28. Kf2 Ne4+ 29. Ke3 Qh6+ 30. Kd3 Rxf3+ 31. gxf3 Nf2+ 32. Ke2 Nxd1 33. Rc8+ Rg8 34. Nf7+ Kg7 35. Rxg8+ Kxf7 0-1

[Event "Early-Titled-Tuesday-Blitz-April-02-2024"]
[Site "Chess.com"]
[Date "2024.04.02"]
[Round "9"]
[White "Durarbayli"]
[Black "GP9isback23"]
[Result "1-0"]
[WhiteElo "2919"]
[BlackElo "2622"]
[TimeControl "180+1"]
[EndTime "9:44:47 PDT"]
[Termination "Durarbayli won on time"]

1. d4 Nf6 2. c4 e6 3. Nc3 d5 4. cxd5 exd5 5. Bg5 Be7 6. e3 O-O 7. Bd3 Be6 8. Nge2 Nbd7 9. Nf4 c5 10. O-O Rc8 11. Rc1 a6 12. Bb1 Re8 13. Qf3 cxd4 14. exd4 Nf8 15. Rfe1 Bg4 16. Qd3 Be6 17. h3 Qd7 18.
Qf3 b5 19. Rcd1 b4 20. Bxf6 bxc3 21. Bxe7 Rxe7 22. bxc3 Qd6 23. Re5 Rec7 24. Nxd5 Qc6 25. Bf5 Bxd5 26. Rxd5 Rb8 27. Rc5 Qxf3 28. gxf3 Rcb7 29.
d5 g6 30. Bd3 Rd8 31. Bxa6 Ra7 32. Rc6 Ne6 33. Bc4 Nf4 34. Kh2 Ra4 35. Rd4 g5 36. h4 Ng6 37. Rxg6+ hxg6 38. hxg5 1-0

[Event "Early-Titled-Tuesday-Blitz-April-02-2024"]
[Site "Chess.com"]
[Date "2024.04.02"]
[Round "9"]
[White "Shahdad2007"]
[Black "wild3000"]
[Result "1-0"]
[WhiteElo "2572"]
[BlackElo "2363"]
[TimeControl "180+1"]
[EndTime "9:44:47 PDT"]
[Termination "Shahdad2007 won by resignation"]

1. Nf3 d5 2. c4 dxc4 3. Qa4+ Bd7 4. Qxc4 e6 5. g3 Bc6 6. Bg2 Nf6 7. O-O Nbd7 8. b3 Be7 9. Bb2 O-O 10. Qc2 Re8 11.
Nc3 Nf8 12. d4 Nd5 13. e4 Nxc3 14. Bxc3 Bb5 15. Rfe1 a5 16. a4 Bd7 17. Rad1 Ng6 18. h4 h5 19. Nd2 b5 20. e5 bxa4 21.
bxa4 Ra7 22. Nc4 Bb4 23. Rb1 Bxc3 24. Qxc3 Bxa4 25. Nxa5 Ne7 26. Nc4 Nd5 27. Qf3 Bc2 28. Rbc1 Bg6 29. Qb3 Qb8 30. Qxb8 Rxb8 31. Bxd5 exd5 32.
Ne3 Be4 33. Rc5 Rb4 34. Nxd5 Rxd4 35. Nxc7 Ra2 36. Nb5 Rdd2 37. Nc3 Rac2 38. Nxe4 Rd4 39. Rxc2 1-0

[Event "Early-Titled-Tuesday-Blitz-April-02-2024"]
[Site "Chess.com"]
[Date "2024.04.02"]
[Round "9"]
[White "Josgar05"]
[Black "tusplingher"]
[Result "0-1"]
[WhiteElo "2346"]
[BlackElo "2500"]
[TimeControl "180+1"]
[EndTime "9:44:47 PDT"]
[Termination "tusplingher won by resignation"]

1. Nf3 d5 2. b3 c5 3. Bb2 f6 4. d4 Nc6 5. e3 Bg4 6. Bb5 a6 7. Bxc6+ bxc6 8. O-O e6 9. c4 Be7 10. Nbd2 Nh6 11. Qc2 O-O 12. dxc5 dxc4 13. Qxc4 Kh8 14.
Rad1 Qc7 15. h3 Bh5 16. Qxe6 Bxc5 17. Rc1 Bf7 18. Qe4 Bd5 19. Qc2 Bb4 20. e4 Bf7 21.
Qxc6 Qf4 22. g3 Qb8 23. Bxf6 Be8 24. Bxg7+ Kxg7 25. Qd5 Bg6 26. Nc4 Rxf3 27. e5 Rd3 28. Qe6 Qf8 29. Nd6 Bxd6 30. exd6 Nf7 31. d7 Qd6 32.
Qxd6 Rxd6 33. Rc8 Ra7 34. d8=Q Rxd8 35. Rc6 Rd6 36. Rc5 Rad7 37. h4 Rd1 38. Rxd1 Rxd1+ 39. Kh2 Be4 40. g4 Rd2 41. Kg3 Rxa2 42. f3 Bc2 43. b4 Bd1 44. Rd5 Ba4 45. Kf4 Bb5 46. h5 Ra3 47. g5 Bc6 48. h6+ Kg6 49. Rd6+ Nxd6 0-1

[Event "Early-Titled-Tuesday-Blitz-April-02-2024"]
[Site "Chess.com"]
[Date "2024.04.02"]
[Round "9"]
[White "InitiatingASC"]
[Black "DanylaBagrov"]
[Result "0-1"]
[WhiteElo "2342"]
[BlackElo "2497"]
[TimeControl "180+1"]
[EndTime "9:44:47 PDT"]
[Termination "DanylaBagrov won by resignation"]

1. d4 d6 2. c4 c6 3. g3 Nf6 4. Bg2 Bf5 5. Nf3 e6 6. O-O Nbd7 7. Nh4 Be7 8. Nxf5 exf5 9. b3 O-O 10.
d5 c5 11. Bb2 Ng4 12. Qc2 Bf6 13. Nc3 g6 14. Nb5 Qe7 15. a4 a6 16. Nc3 Rfe8 17. e3 Bg7 18. a5 Rab8 19. Na4 Bxb2 20. Qxb2 Ngf6 21. b4 Rec8 22. b5 Qe5 23. Rfb1 h5 24. Nb6 Qxb2 25. Rxb2 Nxb6 26. axb6 axb5 27. Rxb5 Ra8 28.
Rba5 Rxa5 29. Rxa5 Nd7 30. Rb5 Ra8 31. Bf1 Ra6 32. h4 Rxb6 33. Ra5 Rb1 34. Ra7 Ne5 35.
Kg2 Kg7 36. Be2 Rb2 37. Bf1 Ng4 0-1

[Event "Early-Titled-Tuesday-Blitz-April-02-2024"]
[Site "Chess.com"]
[Date "2024.04.02"]
[Round "9"]
[White "Ariadna_Atreides"]
[Black "schachlana"]
[Result "0-1"]
[WhiteElo "2191"]
[BlackElo "2327"]
[TimeControl "180+1"]
[EndTime "9:44:47 PDT"]
[Termination "schachlana won on time"]

1. d4 Nf6 2. Nf3 g6 3. c4 Bg7 4.
Nc3 d6 5. e4 O-O 6. Be2 c5 7.
d5 e6 8. O-O Re8 9. h3 exd5 10.
exd5 Nbd7 11. Bd3 Ne5 12. Nxe5 Rxe5 13. Bf4 Re8 14. Re1 Rxe1+ 15. Qxe1 Nh5 16. Bh2 Bd4 17. Nb5 Bxb2 18. Nxd6 Bxa1 19. Qxa1 Qe7 20. Nxc8 Rxc8 21. d6 Qe6 22. Be5 Re8 23. f4 Ng3 24. Kf2 Nf5 25.
Bxf5 Qxf5 26. Qb2 f6 27. Bxf6 Qxf4+ 28. Kg1 Qxd6 29. Bc3 b6 30. Qc2 Qe6 31. Kf1 Rf8+ 32. Kg1 Qf5 0-1

[Event "Early-Titled-Tuesday-Blitz-April-02-2024"]
[Site "Chess.com"]
[Date "2024.04.02"]
[Round "9"]
[White "campochess"]
[Black "maurovargas01"]
[Result "1-0"]
[WhiteElo "2177"]
[BlackElo "1853"]
[TimeControl "180+1"]
[EndTime "9:44:47 PDT"]
[Termination "campochess won on time"]

1. Nf3 c6 2. b3 d5 3. Bb2 Nf6 4. d3 Bg4 5. Nbd2 e6 6. g3 Be7 7. Bg2 O-O 8. O-O Nbd7 9. c4 Bh5 10. Re1 Bg6 11. Rc1 Ng4 12. e4 dxe4 13. Nxe4 Ngf6 14. Qc2 Nxe4 15. dxe4 Bf6 16. Bxf6 Nxf6 17. Ne5 Qc7 18. Nxg6 hxg6 19. Rcd1 Rad8 20. Qc3 Rxd1 21. Rxd1 Rd8 22.
Rxd8+ Qxd8 23. Bf3 Qd7 24. e5 Ne8 25. Kf1 Nc7 26. Ke2 Na6 27. Ke3 Nc5 28. Qd4 Qxd4+ 29. Kxd4 Nd7 30. b4 Kf8 31. a4 Ke7 32. a5 Nb8 33. b5 Kd7 34. Kc5 cxb5 35. cxb5 Kc7 36. b6+ axb6+ 37. axb6+ Kc8 38. Kd6 Nc6 39. Bxc6 bxc6 40.
Kxc6 Kb8 41. b7 1-0

[Event "Early-Titled-Tuesday-Blitz-April-02-2024"]
[Site "Chess.com"]
[Date "2024.04.02"]
[Round "9"]
[White "only_strong_moves"]
[Black "PolandHussars"]
[Result "1-0"]
[WhiteElo "2744"]
[BlackElo "2580"]
[TimeControl "180+1"]
[EndTime "9:44:49 PDT"]
[Termination "only_strong_moves won on time"]

1. Nc3 d5 2. e4 d4 3. Nce2 e5 4. c3 d3 5. Ng3 c5 6. Qa4+ Nc6 7.
Qc4 Nf6 8. Qxd3 Be6 9. Nf3 Qc7 10.
Ng5 Rd8 11. Nxe6 fxe6 12. Qc4 Qd6 13. Be2 Be7 14. O-O O-O 15. d3 a6 16. a4 Na5 17.
Qa2 Kh8 18. Be3 Qc7 19. Qxe6 Rfe8 20. Qh3 Nb3 21. Rad1 Qd7 22. Qxd7 Rxd7 23. f4 exf4 24. Bxf4 Bf8 25. Nf5 Red8 26. Bg5 Re8 27. Nxg7 Bxg7 28. Bxf6 c4 29. Bxg7+ Rxg7 30. dxc4 Rxe4 31. Bf3 Re8 32. Rfe1 Rf8 33. Rf1 Nc5 34. a5 Nb3 35. Bd5 Re8 36. Rde1 Rd8 37. h4 Nxa5 38. h5 b5 39. h6 Rc7 40. Rd1 bxc4 41. Bxc4 Rb8 42. Bxa6 Rc6 43. Bd3 Rxh6 44. b4 Nc6 45. Be4 Ne5 46. Rd5 Ng4 47.
Rd4 Rc8 48. Bf5 Ne3 49. Bxc8 Nxf1 50. Kxf1 Rc6 51. Rd8+ Kg7 52. b5 Rxc3 53. b6 Rxc8 54. Rxc8 1-0